Map: King Sejong Station LE

Players

Nickos - Winner!

  • Race: Terran Terran
  • League: Gold

Utena

  • Race: Protoss Protoss
  • League: Gold

VOD

Have the link to the VOD?

Description

Time

  • Played on: Sept. 30, 2016, 3:20 a.m.
  • Length: 13:37
Show
View Real Time Build Order
Export as new Build Order

Nickos Terran - Winner!

Build Orders: MMM Bio 

Get SALT Encoding   

  12  0:01  SCV  
  13  0:13  SCV  
  14  0:17  Supply Depot  
  14  0:25  SCV  
  15  0:38  SCV  
  15  0:40  Barracks  
  16  0:51  SCV  
  17  1:03  SCV  
  18  1:15  SCV  
  19  1:20  Command Center  
  19  1:29  Orbital Command  
  19  1:32  Marine  
  20  1:39  Supply Depot  
  20  1:50  Marine  
  21  1:54  SCV  
  22  2:06  SCV  
  22  2:08  Marine  
  24  2:09  Barracks  
  24  2:14  Barracks  
  24  2:19  SCV  
  25  2:26  Engineering Bay  
  25  2:27  Marine  
  26  2:31  SCV  
  26  2:33  Orbital Command  
  27  2:39  Refinery  
  27  2:43  SCV  
  28  2:47  Marine  
  29  2:55  SCV  
  29  2:57  Missile Turret  
  30  3:00  Missile Turret, SCV  
  31  3:06  Refinery  
  31  3:07  SCV  
  31  3:09  Marine  
  31  3:11  Marine  
  34  3:14  Marine  
  34  3:18  SCV  
  36  3:22  SCV  
  37  3:34  Missile Turret  
  34  3:43  Barracks Reactor  
  34  3:45  Barracks Tech Lab  
  34  3:48  Barracks Reactor  
  34  3:53  SCV  
  34  3:54  SCV  
  36  4:05  SCV  
  36  4:07  SCV  
  38  4:10  Supply Depot  
  38  4:18  Stimpack, SCV  
  38  4:19  SCV  
  40  4:31  SCV x2, Factory  
  42  4:39  Marine x4  
  42  4:40  Marine  
  42  4:43  SCV  
  42  4:44  Supply Depot, SCV  
  49  4:50  Terran Infantry Weapons Level 1  
  49  4:55  SCV  
  49  4:56  SCV  
  51  5:00  Barracks  
  51  5:03  Marine x3  
  51  5:06  Marine x2  
  56  5:07  SCV  
  56  5:08  SCV  
  58  5:17  Bunker  
  58  5:20  SCV x2  
  58  5:21  Marine  
  60  5:24  Marine  
  60  5:26  Factory Reactor  
  62  5:30  Marine  
  62  5:34  Starport  
  62  5:43  Marine  
  62  5:44  SCV  
  62  5:47  SCV  
  62  5:48  Marine x2  
  58  5:59  Missile Turret  
  58  6:01  Missile Turret  
  58  6:03  SCV x2  
  58  6:04  Marine x2  
  60  6:08  Supply Depot  
  60  6:10  Barracks Tech Lab  
  60  6:11  Marine x2  
  62  6:15  SCV x2  
  62  6:17  Marine  
  67  6:18  Combat Shields  
  67  6:26  Starport, Marine x2  
  67  6:27  SCV  
  67  6:29  Viking x2, SCV  
  67  6:30  Marine, Command Center, Marauder  
  78  6:52  Terran Infantry Armor Level 1  
  78  7:13  Refinery  
  78  7:14  Refinery  
  78  7:26  Supply Depot  
  78  7:27  SCV  
  78  7:28  SCV, Viking x2, Supply Depot, Marine x3  
  86  7:37  Missile Turret  
  86  7:40  Missile Turret  
  86  7:41  Marine x3  
  86  7:42  Missile Turret, SCV x2  
  86  7:43  Missile Turret  
  91  7:44  Missile Turret  
  91  7:46  Marine x3  
  91  7:48  Viking  
  96  7:54  SCV  
  96  7:55  SCV x2  
  101  8:05  Missile Turret  
  97  8:07  Marine  
  97  8:08  Marine x5  
  95  8:19  Starport Reactor  
  95  8:21  Starport Reactor  
  95  8:22  Supply Depot  
  95  8:25  Planetary Fortress, Marine x2  
  95  8:26  Missile Turret, Supply Depot, Marine x4  
  99  8:28  Missile Turret  
  99  8:37  Supply Depot  
  99  8:38  Supply Depot  
  99  8:43  Marine x3  
  99  8:44  Marine, SCV x2  
  105  8:52  Marauder  
  105  8:53  Marauder  
  109  8:56  SCV  
  110  9:02  Marine  
  110  9:03  Marine x2  
  110  9:05  Viking x2  
  117  9:14  Marauder x2  
  121  9:25  Marine x3  
  121  9:27  Viking x2  
  128  9:35  Viking  
  130  9:43  Supply Depot  
  130  9:44  Supply Depot x2  
  130  9:51  Marine x3  
  130  9:52  Marine  
  126  10:01  Viking x3  
  126  10:04  Viking  
  134  10:13  Marine x3  
  137  10:27  Marauder x2  
  141  10:31  Viking x2  
  145  10:40  Viking  
  147  10:48  Marauder x2  
  147  10:49  Marine x3  
  153  10:50  Marine  
  153  10:52  Viking  
  157  10:58  Command Center  
  157  11:01  Viking  
  159  11:07  Supply Depot, Marine x4  
  159  11:08  Supply Depot  
  159  11:09  Marauder, Marine  
  166  11:21  Viking x2  
  166  11:25  Supply Depot, Marine x3  
  172  11:26  Marine  
  172  11:27  Marine  
  172  11:32  Medivac  
  177  11:34  Marine  
  178  11:41  Viking  
  178  11:43  Marine x3  
  178  11:44  Marine  
  184  11:51  Viking  
  180  12:02  Marine  
  180  12:03  Marine x3  
  159  12:23  Marine  
  159  12:24  Marine x5  
  159  12:26  Viking x4  
  159  12:41  Marine  
  131  12:56  Viking x4  
  117  13:01  Marine x3  
Show
View Real Time Build Order
Export as new Build Order

Utena Protoss 

Build Orders: Oracle Opening 

Get SALT Encoding   

  12  0:11  Pylon  
  12  0:14  Probe (Chrono Boost)  
  13  0:29  Gateway  
  13  0:35  Probe (Chrono Boost)  
  14  0:40  Assimilator  
  14  0:46  Probe (Chrono Boost)  
  15  0:50  Assimilator  
  15  0:56  Probe (Chrono Boost)  
  16  1:07  Probe (Chrono Boost)  
  17  1:16  Cybernetics Core  
  17  1:21  Probe (Chrono Boost)  
  18  1:27  Pylon  
  18  1:32  Probe (Chrono Boost)  
  19  1:42  Probe (Chrono Boost)  
  20  1:53  Stargate  
  20  2:01  Mothership Core (Chrono Boost)  
  22  2:09  Forge  
  22  2:32  Oracle  
  25  2:49  Nexus  
  25  3:11  Void Ray  
  25  3:17  Pylon  
  29  3:24  Probe (Chrono Boost)  
  30  3:29  Protoss Air Weapons Level 1  
  27  3:49  Void Ray  
  27  3:54  Probe (Chrono Boost)  
  32  4:04  Photon Cannon  
  32  4:06  Probe (Chrono Boost)  
  34  4:11  Probe (Chrono Boost)  
  35  4:17  Probe (Chrono Boost)  
  35  4:23  Probe (Chrono Boost)  
  36  4:26  Void Ray  
  40  4:41  Stargate  
  40  4:53  Photon Cannon  
  40  4:54  Assimilator  
  42  5:00  Probe (Chrono Boost)  
  42  5:01  Probe (Chrono Boost)  
  42  5:02  Assimilator  
  42  5:15  Void Ray  
  42  5:16  Pylon  
  46  5:32  Void Ray  
  50  5:40  Photon Cannon  
  46  5:53  Void Ray  
  38  6:02  Probe (Chrono Boost)  
  38  6:03  Probe (Chrono Boost)  
  44  6:12  Probe (Chrono Boost)  
  44  6:15  Probe (Chrono Boost)  
  44  6:16  Void Ray  
  50  6:26  Probe (Chrono Boost)  
  50  6:29  Probe (Chrono Boost)  
  50  6:31  Void Ray  
  52  6:36  Probe (Chrono Boost)  
  57  6:54  Fleet Beacon  
  57  6:56  Pylon  
  57  7:24  Pylon  
  57  7:26  Carrier x2  
  58  7:30  Probe (Chrono Boost)  
  70  7:52  Pylon  
  50  8:23  Nexus  
  50  8:38  Graviton Catapult  
  50  8:41  Carrier x2  
  50  8:53  Protoss Shields Level 1  
  62  9:01  Probe x2 (Chrono Boost)  
  64  9:13  Probe x2 (Chrono Boost)  
  63  9:55  Carrier x2  
  63  10:06  Stargate  
  75  10:17  Protoss Air Weapons Level 2  
  56  10:28  Probe (Chrono Boost)  
  55  10:33  Pylon  
  55  10:34  Pylon  
  55  10:40  Probe (Chrono Boost)  
  55  10:41  Probe (Chrono Boost)  
  57  10:49  Carrier  
  57  10:52  Probe (Chrono Boost)  
  57  10:53  Probe (Chrono Boost)  
  67  11:04  Probe (Chrono Boost)  
  67  11:05  Probe (Chrono Boost)  
  67  11:13  Photon Cannon  
  67  11:15  Photon Cannon  
  67  11:18  Pylon  
  67  11:35  Assimilator  
  67  11:45  Probe x2 (Chrono Boost)  
Tags
 
Add a new tag
Caveats
  • Supply blocks, unpowered buildings, or Contaminate may cause inaccurate times.
  • Supply counts are checked every 10 seconds.